 Dungeon Crawl Stone Soup version 0.21.1-1-g345015fe64 (webtiles) character file.

13497 Wolfborn the Covert (level 12, -2/82 HPs)
             Began as an Octopode Assassin on Apr 3, 2018.
             Was a Priest of Fedhas.
             Slain by a yak (18 damage)
             ... on level 2 of the Lair of Beasts.
             The game lasted 01:19:52 (12945 turns).

Wolfborn the Covert (Octopode Assassin)            Turns: 12945, Time: 01:19:53

Health: -2/82      AC:  1    Str: 10    XL:     12   Next: 6%
Magic:  17/17      EV: 26    Int: 13    God:    Fedhas [***...]
Gold:   494        SH:  0    Dex: 22    Spells: 11/11 levels left

rFire    . . .     SeeInvis .   w - +4 quarterstaff (chaos)
rCold    . . .     Gourm    .   (shield currently unavailable)
rNeg     + . .     Faith    +   (helmet restricted)
rPois    .         Spirit   .   P - amulet of faith
rElec    .         Reflect  .   E - +3 ring of dexterity
rCorr    +         Harm     .   v - +2 ring of evasion
MR       .....                  D - ring of resist corrosion
Stlth    +++.......             H - ring of positive energy
HPRegen  0.23/turn              f - ring of resist corrosion
MPRegen  0.15/turn              (no ring)
                                K - +1 ring of evasion
                                (no ring)

@: confused
A: almost no armour, stealthy swim, amphibious, 8 rings, constrict 8, camouflage
1, gelatinous body 1
a: Fungal Bloom, Evolution, Sunlight, Growth, Renounce Religion


You were on level 2 of the Lair of Beasts.
You worshipped Fedhas.
Fedhas was most pleased with you.
You were not hungry.

You visited 3 branches of the dungeon, and saw 12 of its levels.

You collected 494 gold pieces.

Inventory:

Hand Weapons
 b - a +0 blowgun
 o - a +2 short sword of holy wrath
 w - a +4 quarterstaff of chaos (weapon)
 x - a +0 longbow
 y - the cursed +1 war axe of the Evil Eye {chop, Str+2 Int+3, unknown}
   (You found it on level 6 of the Dungeon)

   It inflicts extra damage upon your enemies.
   It affects your strength (+2).
   It affects your intelligence (+3).
   It has a curse placed upon it.
 I - a +1 hand crossbow of freezing
Missiles
 c - 26 poisoned needles
 e - 98 bolts
 n - 186 stones (quivered)
 R - 7 curare-tipped needles
Magical Staves
 Z - an uncursed staff of energy
Jewellery
 f - a ring of resist corrosion (on tentacle)
 v - a +2 ring of evasion (right tentacle)
 D - a ring of resist corrosion (on tentacle)
 E - a +3 ring of dexterity (left tentacle)
 H - a ring of positive energy (on tentacle)
 K - a +1 ring of evasion (on tentacle)
 P - an amulet of faith (around mantle)
Wands
 g - a wand of flame (70)
 z - a wand of enslavement (23)
 L - a wand of iceblast (5)
 N - a wand of clouds (7)
 X - a wand of paralysis (10)
Scrolls
 a - a scroll of fear
 d - 4 scrolls of enchant armour
 h - 2 scrolls of remove curse
 j - 5 scrolls of teleportation
 M - 2 scrolls of identify
 V - a scroll of magic mapping {unknown}
 W - a scroll of blinking
 Y - a scroll of amnesia
Potions
 k - 3 potions of invisibility {unknown}
 l - 2 potions of mutation {unknown}
 p - 3 potions of flight
 q - a potion of berserk rage {unknown}
 t - 4 potions of cancellation {unknown}
 T - a potion of agility {unknown}
 U - a potion of curing
Books
 F - a book of Minor Magic

   Spells                             Type                      Level
   a - Magic Dart                     Conjuration                  1
   b - Blink                          Translocation                2
   c - Call Imp                       Summoning                    2
   d - Slow                           Hexes                        2
   e - Conjure Flame                  Conjuration/Fire             3
   f - Mephitic Cloud                 Conjuration/Poison/Air       3
 O - a book of Air

   Spells                             Type                      Level
   a - Shock                          Conjuration/Air              1
   b - Swiftness                      Charms/Air                   2
   c - Static Discharge               Conjuration/Air              3
   d - Airstrike                      Air                          4
   e - Lightning Bolt                 Conjuration/Air              5
 Q - a book of Minor Magic

   Spells                             Type                      Level
   a - Magic Dart                     Conjuration                  1
   b - Blink                          Translocation                2
   c - Call Imp                       Summoning                    2
   d - Slow                           Hexes                        2
   e - Conjure Flame                  Conjuration/Fire             3
   f - Mephitic Cloud                 Conjuration/Poison/Air       3
 S - a book of Frost

   Spells                             Type                      Level
   a - Freeze                         Ice                          1
   b - Throw Frost                    Conjuration/Ice              2
   c - Ozocubu's Armour               Charms/Ice                   3
   d - Throw Icicle                   Conjuration/Ice              4
   e - Summon Ice Beast               Ice/Summoning                4
Comestibles
 A - 2 chunks of flesh


   Skills:
 + Level 7.8 Fighting
 - Level 2.0 Short Blades
 + Level 7.3 Staves
 - Level 2.0 Throwing
 * Level 10.9 Dodging
 * Level 13.1 Stealth
 - Level 1.0 Unarmed Combat
 + Level 7.7 Invocations
 + Level 2.8 Evocations


You had 11 spell levels left.
You didn't know any spells.

Dungeon Overview and Level Annotations

Branches:
Dungeon (9/15)             Temple (1/1) D:4            Lair (2/6) D:9
    Orc (0/2) D:9
  Swamp: Lair:2-4    Shoals: Lair:2-4     Snake: Lair:2-4    Spider: Lair:2-4

Altars:
Ashenzari
Cheibriados
Dithmenos
Elyvilon
Fedhas
Gozag
Hepliaklqana
Kikubaaqudgha
Makhleb
Nemelex Xobeh
Okawaru
Qazlal
Ru
Sif Muna
Trog
Uskayaw
Vehumet
Wu Jian
Xom
Yredelemnul
Zin
The Shining One


Innate Abilities, Weirdness & Mutations

You cannot wear most types of armour.
You are very stealthy in the water. (Stealth+)
You are amphibious.
You can wear up to eight rings at the same time.
You can use your tentacles to constrict eight enemies at once.
Your skin changes colour to match your surroundings (Stealth+).
Your rubbery body absorbs attacks. (AC +1, EV +1)


Message History

You kill the yak!
The yak closely misses you. The yak completely misses you. The yak gores you!!
You are too injured to fight recklessly!
A toadstool grows before you.
Some toadstools grow from a nearby corpse.
Fedhas appreciates your contribution to the ecosystem.
The yak completely misses you. The yak closely misses you. The yak gores you!
* * * LOW HITPOINT WARNING * * *
The yak gores you!
* * * LOW HITPOINT WARNING * * *
The yak misses you.
You see here a yak skeleton.
The yak gores the toadstool!
The toadstool is destroyed!
You are confused.
You feel invigorated.
The yak gores the toadstool.
The toadstool is destroyed!
The yak gores you!!
You die...
Fedhas appreciates your contribution to the ecosystem.

.....#..... .. #?........
..##P....... ...##......#
...........##
#.....P.....###
............#.#
≈.....YP÷Y...#
≈......@PY...#
≈≈...........#
≈≈≈..........###
≈≈≈.P..........#
≈≈≈≈P#........P#
≈≈≈≈≈.####......##
..≈≈≈≈≈≈≈≈≈≈.#. #P......#
...≈≈≈≈≈≈≈≈≈..####.#...##
...≈≈≈≈≈≈≈≈.....###....#


You could see 3 yaks.

Vanquished Creatures
  2 two-headed ogres
  A wandering mushroom (D:6)
  The ghost of Bal the Shield-Bearer, a novice DsFi of Hepliaklqana (D:7)
  3 spiny frogs
  A gargoyle (D:9)
  The ghost of martbhell the Skirmisher, an amateur HOFi of Makhleb (D:4)
  A troll (Lair:1)
  A slime creature (D:5)
  2 hippogriffs
  4 blink frogs (Lair:2)
  A spriggan (D:7)
  4 yaks
  A hungry ghost (D:8)
  10 water moccasins
  4 porcupines (Lair:1)
  An orc warrior (D:8)
  An ice beast (D:7)
  A sky beast (D:9)
  A black bear (D:9)
  A hornet zombie (D:9)
  3 ogres
  A centaur (D:5)
  5 wolves
  The ghost of Fuxmar the Magician, an amateur HuWz (D:3)
  A crocodile (Lair:1)
  6 big kobolds
  9 bullfrogs
  A scorpion (D:8)
  A water moccasin skeleton (D:9)
  8 wights
  2 howler monkeys
  3 crimson imps
  A bullfrog skeleton (D:7)
  8 hounds
  6 jellies
  8 orc wizards
  Crazy Yiuf (D:2)
  4 orc priests
  Jessica (D:2)
  3 iguanas
  5 worker ants
  A killer bee zombie (D:7)
  A hound zombie (D:6)
  4 gnolls
  11 adders
  3 shadow imps
  6 oozes
  A worm (D:2)
  4 dart slugs
  5 leopard geckos
  27 orcs
  3 giant cockroaches
  14 goblins
  10 hobgoblins
  15 jackals
  3 quokkas
  A ball python (D:2)
  7 bats
  5 frilled lizards
  27 kobolds
  A leopard gecko skeleton (D:4)
  A leopard gecko zombie (D:5)
  2 quokka skeletons (D:5)
  11 rats
283 creatures vanquished.

Vanquished Creatures (collateral kills)
  Sonja (Lair:1)
  The ghost of Bal the Shield-Bearer, a novice DsFi of Gozag (D:9)
  A komodo dragon (Lair:1)
  3 blink frogs (Lair:1)
  A slime creature (D:5)
  3 hippogriffs
  5 yaks (Lair:1)
  2 orc warriors (D:6)
  3 ice beasts
  The ghost of martbhell the Shield-Bearer, an amateur HOFi of Cheibriados (D:5)
  A crocodile (D:8)
  3 bullfrogs
  A big kobold (D:5)
  A scorpion (D:7)
  3 crimson imps
  A jelly (D:5)
  A hound (D:9)
  2 orc wizards
  An iguana (D:6)
  2 worker ants
  2 hound zombies
  2 gnolls (D:6)
  An ooze (D:5)
  An adder zombie (D:9)
  3 orcs
  A quokka (D:6)
47 creatures vanquished.

Vanquished Creatures (others)
  9 wandering mushrooms
  A slime creature (D:5)
  A goblin (D:3)
  2 bushes (Lair:2)
  12 fungi
  6 plants (Lair:2)
  206 toadstools
237 creatures vanquished.

Grand Total: 567 creatures vanquished

Notes
Turn   | Place    | Note
-------+----------+-------------------------------------------
     0 | D:1      | Wolfborn the Octopode Assassin began the quest for the Orb.
     0 | D:1      | Reached XP level 1. HP: 14/14 MP: 1/1
   199 | D:1      | Reached XP level 2. HP: 9/19 MP: 2/2
   460 | D:1      | Found a snail-covered altar of Cheibriados.
   513 | D:1      | Reached skill level 6 in Stealth
   546 | D:1      | Reached XP level 3. HP: 21/24 MP: 3/3
  1446 | D:2      | Reached XP level 4. HP: 25/29 MP: 4/4
  1525 | D:2      | Reached skill level 7 in Stealth
  1563 | D:2      | Found a runed door.
  1693 | D:2      | Noticed Jessica
  1716 | D:2      | Noticed a moth of wrath
  1721 | D:2      | Killed Jessica
  1805 | D:2      | Reached XP level 5. HP: 29/34 MP: 5/5
  2288 | D:2      | Found a bloodstained altar of Trog.
  2466 | D:2      | Noticed Crazy Yiuf
  2470 | D:2      | Killed Crazy Yiuf
  2470 | D:2      | Reached skill level 1 in Unarmed Combat
  2506 | D:3      | Noticed Fuxmar's ghost (amateur HuWz)
  2512 | D:3      | Killed Fuxmar's ghost
  2512 | D:3      | Reached XP level 6. HP: 28/41 MP: 6/6
  2717 | D:3      | Reached skill level 1 in Staves
  3108 | D:4      | Found a staircase to the Ecumenical Temple.
  3117 | Temple   | Entered the Ecumenical Temple
  3443 | Temple   | Became a worshipper of Fedhas Madash
  3681 | D:4      | Reached skill level 8 in Stealth
  3694 | D:4      | Noticed martbhell's ghost (amateur HOFi)
  3806 | D:4      | Reached XP level 7. HP: 39/46 MP: 7/7
  3842 | D:4      | Reached skill level 1 in Invocations
  3886 | D:4      | Killed martbhell's ghost
  4513 | D:5      | Entered Level 5 of the Dungeon
  4645 | D:5      | Reached * piety under Fedhas
  4652 | D:5      | Reached skill level 5 in Dodging
  4713 | D:5      | Noticed martbhell's ghost (amateur HOFi)
  4736 | D:5      | Reached XP level 8. HP: 21/54 MP: 9/9
  4781 | D:5      | Killed martbhell's ghost
  5346 | D:5      | Reached skill level 9 in Stealth
  5477 | D:5      | Noticed a slime creature
  5480 | D:5      | Noticed a slime creature
  5533 | D:5      | Killed a slime creature
  5642 | D:5      | Killed a slime creature
  5642 | D:5      | Reached XP level 9. HP: 58/60 MP: 11/11
  5911 | D:6      | Noticed a two-headed ogre
  5913 | D:6      | Got a transparent war axe
  5922 | D:6      | Killed a two-headed ogre
  5922 | D:6      | Reached skill level 5 in Fighting
  6023 | D:6      | Found a shadowy altar of Dithmenos.
  6027 | D:6      | Found a snail-covered altar of Cheibriados.
  6028 | D:6      | Found a hazy altar of Hepliaklqana.
  6028 | D:6      | Found an iron altar of Okawaru.
  6078 | D:6      | Reached skill level 10 in Stealth
  6355 | D:6      | Killed a wandering mushroom
  6549 | D:6      | Found a sparkling altar of Nemelex Xobeh.
  6549 | D:6      | Found a hide-covered altar of Uskayaw.
  6712 | D:7      | Reached skill level 5 in Invocations
  7027 | D:7      | Reached skill level 5 in Staves
  7247 | D:7      | Reached XP level 10. HP: 66/68 MP: 13/13
  7363 | D:7      | Noticed Bal's ghost (novice DsFi)
  7421 | D:7      | Found a flagged portal.
  7474 | D:7      | Killed Bal's ghost
  8210 | D:8      | Reached skill level 11 in Stealth
  8279 | D:8      | Noticed a two-headed ogre
  8295 | D:8      | Killed a two-headed ogre
  8756 | D:8      | Reached ** piety under Fedhas
  9687 | D:9      | Reached XP level 11. HP: 59/74 MP: 15/15
  9774 | D:9      | Found a staircase to the Lair.
  9938 | D:9      | Reached skill level 10 in Dodging
 10083 | D:9      | Found a staircase to the Orcish Mines.
 10084 | D:9      | Noticed Bal's ghost (novice DsFi)
 10099 | D:9      | Killed Bal's ghost
 10338 | Lair:1   | Entered Level 1 of the Lair of Beasts
 10380 | Lair:1   | Noticed Sonja
 10384 | Lair:1   | Reached skill level 12 in Stealth
 10475 | Lair:1   | Killed Sonja
 10544 | Lair:1   | Reached skill level 1 in Evocations
 11234 | Lair:1   | Reached *** piety under Fedhas
 12828 | Lair:2   | Reached XP level 12. HP: 48/82 MP: 17/17
 12834 | Lair:2   | Reached skill level 13 in Stealth
 12945 | Lair:2   | Slain by a yak

Skill      XL: |  1  2  3  4  5  6  7  8  9 10 11 12 |
---------------+-------------------------------------+-----
Stealth        | 6 7 8 9 10 11 12 13 | 13.1
Dodging        | 2 3 4 5 6 8 9 10 | 10.9
Unarmed Combat | 1 |  1.0
Staves         | 1 2 3 5 6 7 |  7.3
Fighting       | 3 4 5 6 7 |  7.8
Invocations    | 2 3 5 6 7 |  7.7
Evocations     | 2 |  2.8
Short Blades   | |  2.0
Throwing       | |  2.0

Action                   |  1- 3 |  4- 6 |  7- 9 | 10-12 || total
-------------------------+-------+-------+-------+-------++-------
Melee: Dagger            |    79 |    39 |       |       ||   118
       Constrict         |    18 |    24 |    32 |    64 ||   138
       Tentacles         |     9 |    12 |    38 |    98 ||   157
       Quarterstaff      |       |    65 |   170 |   363 ||   598
       Punch             |       |       |     2 |     6 ||     8
 Fire: Blowgun           |       |       |     2 |       ||     2
Invok: Fungal Bloom      |       |    10 |    42 |    60 ||   112
       Evolution         |       |       |     7 |     9 ||    16
       Sunlight          |       |       |       |     1 ||     1
       Growth            |       |       |       |     1 ||     1
Evoke: Wand              |       |       |     8 |     1 ||     9
  Use: Scroll            |       |    11 |    10 |     2 ||    23
       Potion            |       |       |     3 |     6 ||     9
 Stab: Sleeping          |     5 |    29 |     8 |    26 ||    68
       Distracted        |       |     1 |     5 |     2 ||     8
       Confused          |       |     1 |       |     2 ||     3
       Petrifying        |       |       |     1 |     5 ||     6
       Paralysed         |       |       |     2 |     4 ||     6
       Petrified         |       |       |       |     2 ||     2
  Eat: Chunk             |       |     4 |       |     5 ||     9
       Ration            |       |     1 |     4 |     4 ||     9
Armor: Skin              |     7 |       |     5 |     6 ||    18
Dodge: Dodged            |    46 |    55 |   160 |   376 ||   637
